AoeStats
← Lieut.Wan

Nomad

508388745Analyzed
4v4 RM · 10d ago on Sep 22, 2026· 65m 51s· 8 players
Game mode
Random Map
Map size
231×231
Population
200
Speed
Normal
Resources
Standard
Victory
Conquest
Starting age
Dark Age
Ending age
Imperial Age
RankedLock teamsTeams togetherTeam positionsShared explorationLock speedFull tech treeHidden civsTurbo modeCheats
Victory
Defeat
🇨🇳 Franks · China
488
+17
🇺🇸 Slavs · United States
487
+17
🇨🇳 Wu · China
481
+17
🇩🇪 Portuguese · Germany
480
+17
🇨🇳 Burgundians · China
652
-23
🇪🇸 Magyars · Spain
539
-18
🇬🇷 Hindustanis · Greece
535
-18
🇦🇺 Vikings · Australia
294
-9
32066588
17:41 Feudal Age
27:49 Castle Age
28:40 Husbandry
28:40 Pikeman
29:22 Squires
38:22 Imperial Age
39:06 Fletching
39:56 Conscription
39:47 Double-Bit Axe
40:42 Bow Saw
40:46 Bodkin Arrow
40:42 Cavalier
43:33 Caravan
44:26 Forging
44:22 Scale Barding Armor
44:06 Light Cavalry
45:51 Wheelbarrow
47:52 Hand Cart
47:24 Town Watch
48:20 Iron Casting
48:58 Halberdier
51:23 Blast Furnace
50:47 Chain Barding Armor
50:27 Scale Mail Armor
50:39 Gold Mining
50:41 Stone Mining
51:18 Gambesons
52:17 Town Patrol
52:03 Loom
54:35 Plate Barding Armor
54:17 Chain Mail Armor
58:17 Paladin
59:57 Plate Mail Armor
63:37 Arson
65:21 Man-at-Arms
Lady D Day
16:43 Feudal Age
18:12 Fishing Lines
18:24 Double-Bit Axe
23:59 Wheelbarrow
23:33 Horse Collar
31:38 Castle Age
32:11 Gold Mining
32:13 Stone Mining
32:42 Hand Cart
32:42 Bow Saw
32:36 Heavy Plow
32:30 Gillnets
33:27 Caravan
37:08 Stone Shaft Mining
46:17 Imperial Age
44:05 Clinker Construction
43:37 Treadmill Crane
50:14 Medium Warships
52:15 Heavy Warships
54:28 Murder Holes
55:50 Two-Man Saw
55:26 Crop Rotation
55:19 Elite Organ Gun
56:21 Conscription
56:12 Circumnavigation
56:18 Arquebus
58:06 Chemistry
57:27 Ballistics
58:54 Elite Caravel
58:56 Elite Cannon Galleon
59:52 Heated Shot
62:27 Fletching
62:37 Padded Archer Armor
63:13 Carvel Hull
62:59 Siphons
63:05 Careening
63:03 Onager
刺猬
3:47 Loom
15:42 Feudal Age
16:50 Double-Bit Axe
21:46 Fishing Lines
26:17 Castle Age
24:10 Horse Collar
26:32 Stone Mining
26:38 Gold Mining
28:43 Heavy Plow
28:58 Bow Saw
30:29 Murder Holes
30:56 Ballistics
31:08 Treadmill Crane
33:26 Fletching
34:33 Bodkin Arrow
36:15 Masonry
37:39 Wheelbarrow
39:19 Stone Shaft Mining
39:19 Arson
39:35 Squires
42:30 Red Cliffs Tactics
44:19 Heated Shot
45:30 Hand Cart
47:47 Gold Shaft Mining
50:39 Imperial Age
48:58 Forging
48:48 Scale Mail Armor
48:53 Scale Barding Armor
48:49 Padded Archer Armor
53:05 Two-Man Saw
53:09 Chemistry
52:40 Architecture
51:32 Elite Fire Archer
52:13 Sitting Tiger
52:33 Conscription
Vengefulone
13:52 Feudal Age
16:10 Wheelbarrow
15:21 Town Watch
20:04 Gold Mining
21:01 Double-Bit Axe
21:28 Horse Collar
21:48 Stone Mining
26:55 Man-at-Arms
31:57 Castle Age
29:43 Loom
31:28 Scale Mail Armor
32:55 Forging
33:02 Chain Mail Armor
32:38 Fletching
33:20 Pikeman
34:03 Squires
33:24 Long Swordsman
36:00 Hand Cart
35:46 Town Patrol
36:12 Bodkin Arrow
38:22 Bow Saw
39:35 Gold Shaft Mining
40:20 Murder Holes
40:37 Masonry
42:28 Detinets
43:38 Iron Casting
44:23 Ballistics
46:24 Caravan
50:56 Coinage
53:07 Imperial Age
53:04 Scale Barding Armor
58:08 Conscription
58:44 Two-Handed Swordsman
58:45 Halberdier
60:49 Plate Mail Armor
60:42 Chain Barding Armor
63:19 Blast Furnace
62:57 Plate Barding Armor
64:52 Champion
mavra
6:34 Loom
21:25 Feudal Age
25:20 Wheelbarrow
24:31 Town Watch
24:56 Fishing Lines
35:25 Bloodlines
37:11 Scale Barding Armor
37:17 Forging
37:55 Scale Mail Armor
39:27 Stone Mining
39:28 Gold Mining
39:22 Horse Collar
39:42 Double-Bit Axe
46:03 Castle Age
47:08 Hand Cart
51:39 Gillnets
56:26 Imperial Age
55:59 Chain Barding Armor
56:15 Iron Casting
55:31 Fletching
55:41 Padded Archer Armor
57:29 Grand Trunk Road
58:38 Heavy Plow
58:52 Bow Saw
59:10 Conscription
58:51 Shatagni
58:12 Elite Ghulam
60:16 Hoardings
61:36 Hoardings
61:09 Bodkin Arrow
61:30 Leather Archer Armor
61:31 Chain Mail Armor
63:15 Hoardings
63:47 Bracer
64:18 Ring Archer Armor
64:00 Husbandry
63:22 Light Cavalry
65:40 Chemistry
64:51 Fortified Wall
64:37 Murder Holes
64:53 Masonry
65:22 Stone Shaft Mining
65:23 Gold Shaft Mining
Lieut.Wan
6:47 Loom
16:07 Feudal Age
14:47 Double-Bit Axe
28:11 Castle Age
25:56 Horse Collar
26:09 Gold Mining
26:11 Stone Mining
26:59 Bow Saw
28:50 Heavy Plow
28:55 Husbandry
28:16 Cavalier
30:23 Gold Shaft Mining
30:54 Scale Barding Armor
33:19 Forging
36:15 Chain Barding Armor
36:51 Murder Holes
40:23 Wheelbarrow
39:48 Treadmill Crane
41:30 Ballistics
43:12 Iron Casting
48:59 Imperial Age
48:08 Hand Cart
48:38 Stone Shaft Mining
49:16 Fletching
50:00 Conscription
49:07 Paladin
50:58 Chemistry
50:32 Crop Rotation
51:03 Two-Man Saw
50:43 Plate Barding Armor
50:11 Padded Archer Armor
51:14 Blast Furnace
50:09 Elite Skirmisher
53:03 Masonry
53:01 Bodkin Arrow
53:22 Leather Archer Armor
55:38 Pikeman
56:18 Squires
57:18 Herbal Medicine
58:30 Arson
58:48 Bracer
58:50 Scale Mail Armor
63:27 Flemish Revolution
sergiomn19
3:41 Loom
16:41 Feudal Age
17:10 Double-Bit Axe
17:11 Horse Collar
18:25 Wheelbarrow
17:36 Town Watch
17:54 Gold Mining
22:13 Bloodlines
24:24 Castle Age
23:02 Scale Barding Armor
25:32 Hand Cart
26:04 Bow Saw
26:48 Heavy Plow
27:11 Stone Mining
30:14 Pikeman
30:41 Arson
31:33 Scale Mail Armor
33:44 Husbandry
34:45 Town Patrol
41:37 Fletching
64:25 Imperial Age
66:10 Corvinian Army
Kennyccc222
Connection lost

Rejoining the realm…

Still unreachable

The connection could not be restored.

Session expired

The server has moved on; the page needs a fresh start.